 Dungeon Crawl Stone Soup version bcrawl-1.28.1b (webtiles) character file.

Game seed: 117936407728529220

88372 Morbidden the Sneak (level 2, -1/16 HPs)
             Began as a Skeleton Archaeologist on Dec 16, 2020.
             Slain by a kobold
             ... wielding a +0 falchion
              (5 damage)
             ... on level 2 of the Dungeon.
             The game lasted 00:01:10 (1181 turns).

Morbidden the Sneak (Skeleton Archaeologist)        Turns: 1181, Time: 00:01:10

Health: -1/16      AC:  6    Str: 16 (17) XL:     2   Next: 72%
Magic:  0/2        EV: 12    Int: 12      God:
Gold:   139        SH:  0    Dex:  6 (7)  Spells: 1/1 levels left

rFire    . . .     SeeInvis .   a - +0 whip
rCold    + . .     Gourm    .   (no shield)
rNeg     + + +     Faith    .   b - +1 robe
rPois    ∞         Spirit   +   c - +1 hat
rElec    .         Reflect  .   (no cloak)
rCorr    .         Harm     .   (no gloves)
MR       .....                  d - +1 pair of boots
Stlth    ++........             (no amulet)
HPRegen  0.05/turn              (no ring)
MPRegen  0.08/turn              (no ring)

@: no status effects
A: no food or potions, cold resistance 1, deterioration 1, negative energy
resistance 3, torment resistance, unbreathing, magic shield, sturdy frame 1,
spell healing
a: no special abilities


You were on level 2 of the Dungeon.
You were not hungry.

You visited 1 branch of the dungeon, and saw 2 of its levels.

You collected 139 gold pieces.

Inventory:

Hand Weapons
 a - a +0 whip (weapon)
 m - a +0 short sword of venom
Armour
 b - a +1 robe (worn)
 c - a +1 hat (worn)
 d - a +1 pair of boots (worn)
Jewellery
 j - an uncursed amulet of faith {unknown}
Scrolls
 e - a scroll of magic mapping
 g - 6 scrolls of identify
 h - a scroll of blinking {unknown}
 i - a scroll of fear {unknown}
 k - a scroll of amnesia {unknown}
 l - a scroll of remove curse {unknown}
Miscellaneous
 f - a dusty tome


   Skills:
 * Level 1.1 Fighting
 + Level 1.3 Maces & Flails
 + Level 3.6 Dodging
 + Level 4.0 Stealth
 * Level 0.4 Spellcasting


You had one spell level left.
You didn't know any spells.
Your spell library was empty.

Dungeon Overview and Level Annotations

Branches:
Dungeon (2/12)

Altars:
The Shining One


Innate Abilities, Weirdness & Mutations

You do not eat or drink.
You are immune to poison.
Your flesh is cold resistant. (rC+)
Your body sometimes deteriorates upon taking damage.
You are immune to negative energy. (rN+++)
You are immune to unholy pain and torment.
You can survive without breathing.
When hurt, damage is shared between your health and your magic reserves.
Your movements are slightly less encumbered by armour. (ER -2)
Casting spells heals you.


Message History

The worm is moderately wounded.
You barely miss the worm.
The worm is moderately wounded.
The worm completely misses you.
You hit the worm.
The worm is heavily wounded.
The worm bites you!
* * * LOW HITPOINT WARNING * * *
You are too injured to fight recklessly!
You are too injured to fight recklessly!
Unknown command.
Unknown command.
You see here a ration {!d}.
A kobold comes into view. It is wielding a +0 falchion.
The kobold misses you.
You see here a runed short sword.
m - a runed short sword The kobold closely misses you.
The kobold hits you with a +0 falchion.
You die...

###.###..##..###..###..
##<...## ##.[.# ##
####.# ###.# ..
#..#######.##.#
#...#.........#
......####.#### ..##.##
#..#
####...#####.#####.###
.......@..............
#######K..w##.%###.##
####.###.#...#
#.##....# #.....###
####>..######
#..?......# #.##......#
..........$#


You could see a worm and a kobold.

Vanquished Creatures
  A leopard gecko (D:1)
  A ball python (D:1)
  4 goblins (D:1)
  3 hobgoblins (D:1)
  A kobold (D:1)
  5 bats
  A frilled lizard (D:1)
  3 rats (D:1)
19 creatures vanquished.

Notes
Turn   | Place    | Note
-------+----------+-------------------------------------------
     0 | D:1      | Morbidden the Skeleton Archaeologist began the quest for
                  | the Orb.
     0 | D:1      | Reached XP level 1. HP: 12/12 MP: 1/1
   133 | D:1      | Reached XP level 2. HP: 7/16 MP: 0/2
   599 | D:1      | Reached skill level 4 in Stealth
   888 | D:1      | Found a glowing golden altar of the Shining One.
  1181 | D:2      | Slain by a kobold

Skill      XL: |  1  2 |
---------------+-------+-----
Stealth        | 4 |  4.0
Fighting       | |  1.1
Maces & Flails | |  1.3
Dodging        | |  3.6
Spellcasting   | |  0.4

Action                   || total
-------------------------++-------
Melee: Whip              ||    91
 Stab: Sleeping          ||     1
Armor: Robe              ||    51
Dodge: Dodged            ||    79
